Map: Ascension to Aiur LE

Players

LaGGzOr

  • Race: Zerg Zerg
  • League: Diamond
  • Spawn Location: 5:00

KillJoy - Winner!

  • Race: Zerg Zerg
  • League: Diamond
  • Spawn Location: 11:00

VOD

Have the link to the VOD?

Description

ZvZ Down to the last

Time

  • Played on: Dec. 26, 2017, 12:50 a.m.
  • Length: 9:56
Show
View Real Time Build Order
Export as new Build Order

LaGGzOr Zerg 

Build Orders: Pool First 

Get SALT Encoding   

  12  0:02  Drone  
  13  0:10  Drone  
  14  0:21  Drone, Extractor x2  
  13  0:22  Drone  
  16  0:29  Overlord  
  16  0:48  Drone  
  17  0:52  Spawning Pool  
  17  0:53  Extractor  
  17  0:54  Drone  
  16  1:06  Drone  
  16  1:07  Drone  
  18  1:20  Drone  
  19  1:30  Overlord  
  19  1:39  Queen  
  21  1:50  Hatchery  
  21  1:54  Zergling x2  
  21  1:59  Metabolic Boost  
  21  2:03  Zergling x2  
  21  2:06  Zergling x2  
  23  2:15  Baneling Nest  
  22  2:20  Zergling x2  
  23  2:28  Zergling x2  
  24  2:38  Zergling x2  
  24  2:44  Overlord  
  25  2:49  Zergling x2  
  25  2:50  Zergling x4  
  28  3:00  Zergling x2  
  28  3:02  Queen  
  31  3:08  Zergling x2  
  31  3:09  Zergling x2  
  33  3:15  Zergling x2  
  34  3:20  Overlord  
  34  3:22  Baneling x2  
  34  3:34  Baneling x2  
  32  3:48  Drone  
  32  3:49  Drone x2  
  32  3:50  Evolution Chamber x2  
  33  4:01  Drone x2  
  35  4:17  Zerg Melee Weapons Level 1  
  35  4:22  Zerg Ground Armor Level 1  
  35  4:34  Drone x3  
  35  4:35  Drone x2  
  37  4:53  Zergling x12  
  43  5:03  Baneling  
  43  5:04  Baneling  
  43  5:05  Drone  
  43  5:06  Drone x3  
  47  5:22  Zergling x2  
  47  5:23  Zergling x8  
  52  5:29  Overlord x2  
  52  5:41  Overlord  
  52  5:42  Overlord x2  
  52  5:58  Baneling x2  
  52  6:00  Zergling x2  
  52  6:01  Zergling x16  
  61  6:08  Roach Warren  
  60  6:12  Lair  
  54  6:32  Zergling x2  
  51  6:33  Zergling x20  
  54  6:51  Zergling x8  
  52  7:02  Zergling x14  
  59  7:14  Zergling x4  
  61  7:27  Hatchery  
  57  7:36  Zergling x2  
  48  7:37  Zergling x12  
  54  7:50  Zergling x2  
  44  8:04  Zergling x2  
  44  8:05  Zergling x4  
  39  8:07  Zergling x2  
  18  8:28  Drone x3  
  18  8:29  Drone  
  19  8:57  Extractor  
  18  9:07  Hatchery  
  17  9:30  Extractor  
  16  9:39  Extractor  
Show
View Real Time Build Order
Export as new Build Order

KillJoy Zerg - Winner!

Build Orders: Pool First 

Get SALT Encoding   

  12  0:01  Drone  
  13  0:08  Drone  
  14  0:17  Overlord  
  14  0:25  Drone, Extractor  
  15  0:35  Drone  
  16  0:39  Drone  
  17  0:46  Spawning Pool  
  16  0:51  Drone  
  16  0:56  Extractor  
  16  1:00  Drone  
  17  1:18  Hatchery  
  16  1:32  Queen  
  16  1:35  Drone  
  16  1:38  Drone  
  20  1:43  Drone  
  21  1:50  Overlord  
  21  1:58  Zergling x2  
  22  2:04  Metabolic Boost  
  22  2:10  Zergling x2  
  23  2:19  Drone  
  23  2:20  Queen  
  26  2:36  Roach Warren  
  25  2:46  Drone x4  
  25  2:47  Drone  
  30  3:13  Overlord  
  30  3:16  Roach  
  30  3:17  Roach x2  
  36  3:28  Spine Crawler  
  35  3:35  Roach x2  
  35  3:36  Roach x2  
  43  3:58  Hatchery  
  43  3:59  Lair  
  42  4:05  Extractor  
  42  4:08  Overlord  
  41  4:29  Drone  
  42  4:31  Roach x3  
  46  4:39  Overlord x2  
  44  4:58  Glial Reconstitution  
  44  5:02  Roach x3  
  50  5:15  Queen  
  52  5:22  Roach x2  
  52  5:25  Roach  
  58  5:42  Roach x3  
  64  5:47  Roach, Baneling Nest  
  63  5:55  Zergling x6  
  66  6:04  Ravager  
  66  6:17  Roach  
  60  6:29  Roach  
  60  6:30  Roach x3  
  59  6:51  Zergling x12  
  65  7:09  Baneling x3  
  65  7:10  Baneling  
  65  7:21  Drone  
  60  7:40  Roach  
  60  7:41  Roach x2  
  60  7:44  Zergling x4  
  54  8:04  Baneling x2  
  44  8:36  Drone  
  41  8:50  Extractor  
Tags
 
Add a new tag
Caveats
  • Supply blocks, unpowered buildings, or Contaminate may cause inaccurate times.
  • Supply counts are checked every 10 seconds.